Map: Dusk Towers

Players

Miszu - Winner!

  • Race: Terran Terran
  • League: Master

ShaDoWn

  • Race: Protoss Protoss
  • League: Master

VOD

Have the link to the VOD?

Description

Time

  • Played on: Feb. 4, 2016, 6:24 p.m.
  • Length: 12:58
Show
View Real Time Build Order
Export as new Build Order

Miszu Terran - Winner!

Build Orders: Command Center First (CC), MMM Bio 

Get SALT Encoding   

  12  0:06  SCV  
  13  0:18  Supply Depot, SCV  
  14  0:30  SCV  
  15  0:43  SCV  
  16  0:55  SCV  
  17  1:02  Command Center  
  17  1:07  SCV  
  18  1:19  SCV  
  18  1:20  Barracks  
  19  1:31  SCV  
  19  1:32  Barracks  
  20  1:43  SCV  
  20  1:45  Barracks  
  21  1:57  SCV  
  22  2:08  Marine  
  23  2:10  Orbital Command  
  23  2:14  Orbital Command  
  23  2:19  Marine  
  24  2:25  Marine  
  25  2:31  Marine  
  25  2:35  SCV  
  25  2:36  Refinery  
  27  2:37  Refinery  
  27  2:39  SCV  
  27  2:41  Marine  
  27  2:44  Marine  
  30  2:47  SCV  
  30  2:50  Marine  
  32  2:51  SCV  
  32  2:55  Supply Depot  
  33  2:59  Marine  
  33  3:04  Supply Depot  
  34  3:05  SCV  
  34  3:06  SCV  
  36  3:15  Marine, Barracks Tech Lab  
  36  3:17  Marine  
  36  3:18  SCV x2  
  40  3:30  Supply Depot, SCV x2  
  40  3:33  Marine  
  40  3:34  Marine, Stimpack  
  43  3:37  Refinery  
  43  3:40  Marine  
  45  3:42  SCV x2  
  47  3:50  Engineering Bay  
  47  3:53  Factory  
  47  3:54  SCV x2  
  49  3:57  Marine  
  49  3:58  Marine  
  51  4:05  Supply Depot  
  51  4:06  SCV  
  51  4:08  SCV  
  51  4:09  Marine  
  53  4:15  Marine, Terran Infantry Weapons Level 1  
  55  4:18  Marine, SCV  
  55  4:20  SCV  
  55  4:23  Missile Turret  
  58  4:26  Missile Turret  
  58  4:27  Marine  
  59  4:32  SCV  
  59  4:33  Marine  
  59  4:35  SCV  
  62  4:42  Marine  
  62  4:43  Starport, Factory Reactor  
  62  4:44  SCV  
  60  5:00  Marine x2  
  60  5:01  SCV  
  60  5:03  SCV  
  64  5:10  Marine  
  64  5:13  Supply Depot, SCV  
  66  5:14  Supply Depot  
  66  5:15  SCV  
  68  5:24  Liberator x2  
  68  5:25  SCV  
  68  5:26  Factory Tech Lab  
  69  5:32  Barracks Reactor, Barracks Tech Lab  
  69  5:35  SCV  
  73  5:37  Supply Depot, SCV  
  73  5:39  Supply Depot  
  76  5:47  SCV  
  76  5:49  Marauder  
  79  5:52  Marauder  
  81  6:01  Supply Depot  
  81  6:05  Supply Depot  
  81  6:07  Refinery, Command Center  
  81  6:13  Marauder  
  81  6:15  Combat Shields  
  81  6:16  Concussive Shells  
  81  6:17  SCV, Missile Turret  
  81  6:18  SCV  
  85  6:25  Medivac  
  85  6:26  Medivac  
  85  6:29  SCV  
  90  6:46  Marine, Marauder x2  
  95  6:52  Barracks  
  95  6:53  Terran Infantry Armor Level 1, Barracks  
  95  6:55  Supply Depot x2, Medivac, SCV  
  95  6:59  Fusion Core  
  98  7:02  SCV  
  98  7:07  SCV  
  96  7:10  Refinery  
  96  7:15  Refinery, Marauder  
  94  7:19  Orbital Command  
  93  7:22  Marauder  
  93  7:26  Missile Turret  
  93  7:36  Marauder  
  95  7:37  Medivac x2  
  95  7:42  SCV  
  95  7:43  SCV  
  100  7:44  Starport, Marauder  
  100  7:45  SCV  
  100  7:50  Liberator x2  
  98  7:53  Refinery  
  98  7:54  Barracks Reactor, Barracks Tech Lab, SCV  
  98  7:55  SCV  
  98  7:57  SCV  
  101  8:06  Marauder, SCV  
  101  8:07  SCV, Liberator  
  101  8:09  SCV  
  112  8:18  SCV  
  112  8:19  SCV  
  114  8:21  SCV  
  114  8:22  Advanced Ballistics  
  118  8:27  Marine x2  
  118  8:30  Supply Depot, SCV  
  118  8:31  Supply Depot, SCV  
  118  8:33  Supply Depot, Liberator, SCV  
  123  8:34  Liberator  
  123  8:42  Marauder x2  
  123  8:43  Marine x2, Marauder  
  131  8:51  Liberator  
  131  8:52  Supply Depot  
  137  8:56  Supply Depot x2  
  137  8:59  Marine x2, SCV  
  140  9:03  Marauder  
  140  9:07  Marauder  
  140  9:09  Marine, Marauder  
  150  9:13  Marine  
  150  9:15  Liberator  
  150  9:16  Command Center  
  151  9:17  Marine  
  151  9:21  Liberator  
  152  9:25  Marauder  
  152  9:28  Marauder  
  152  9:30  Marine x2  
  152  9:31  Marauder  
  160  9:37  Barracks  
  160  9:38  Barracks x2  
  163  9:39  Marine  
  163  9:43  Supply Depot  
  163  9:45  Supply Depot  
  163  9:46  Marauder  
  163  9:50  Marauder  
  164  9:55  Liberator  
  164  9:58  Liberator  
  162  10:13  Marauder  
  165  10:20  Liberator  
  162  10:31  Marine  
  162  10:32  Marine x3, Marauder  
  162  10:33  Marauder  
  162  10:34  Marauder  
  145  10:38  Marine, Liberator  
  144  10:53  Marauder, Liberator, Orbital Command  
  144  10:54  Marauder  
  137  11:11  Marine x3, Marauder  
  142  11:13  Marine  
  142  11:14  Marauder  
  142  11:16  Marauder  
  147  11:20  Medivac, Liberator  
  149  11:28  Marine x3  
  149  11:29  Marine x3  
  149  11:30  Marine  
  149  11:32  Marauder  
  158  11:35  Marine  
  158  11:36  Marine  
  133  11:45  Marine  
  133  11:46  Marine x3  
  133  11:47  Marine x2  
  133  11:48  Marine  
  133  11:53  Marine  
  133  11:54  Marine, Marauder  
  135  11:59  SCV  
  137  12:03  Marine, Orbital Command  
  137  12:04  Marine x3  
  137  12:05  Marine x2  
  137  12:06  Marine  
  144  12:09  Engineering Bay, Armory  
  144  12:11  Marine  
  144  12:12  Marine  
  144  12:14  Marine  
  147  12:15  Medivac  
  147  12:18  Medivac  
  147  12:20  Medivac  
  147  12:21  Marine x3  
  147  12:22  Marine  
  154  12:23  Marine x2  
  154  12:24  Marine  
  154  12:29  Marauder  
  157  12:30  Marauder  
  157  12:32  Marine  
  155  12:39  Marine x3  
  155  12:40  Marine  
Show
View Real Time Build Order
Export as new Build Order

ShaDoWn Protoss 

Build Orders: 1 Gate Expand, Dark Templar Rush 

Get SALT Encoding   

  12  0:01  Probe (Chrono Boost)  
  13  0:11  Probe (Chrono Boost)  
  14  0:19  Pylon  
  14  0:22  Probe (Chrono Boost)  
  15  0:37  Probe (Chrono Boost)  
  15  0:38  Gateway  
  15  0:42  Assimilator  
  16  0:48  Probe (Chrono Boost)  
  17  0:58  Probe (Chrono Boost)  
  18  1:09  Probe (Chrono Boost)  
  19  1:20  Nexus  
  19  1:28  Cybernetics Core  
  19  1:31  Probe (Chrono Boost)  
  20  1:37  Assimilator  
  20  1:41  Probe (Chrono Boost)  
  21  1:51  Pylon  
  21  1:52  Probe (Chrono Boost)  
  22  2:02  Probe (Chrono Boost)  
  22  2:07  Warp Gate  
  23  2:09  Adept  
  23  2:13  Probe (Chrono Boost)  
  26  2:24  Probe (Chrono Boost)  
  27  2:33  Probe (Chrono Boost)  
  27  2:34  Probe (Chrono Boost)  
  27  2:35  Twilight Council  
  29  2:39  Robotics Facility  
  30  2:44  Probe (Chrono Boost)  
  30  2:47  Probe (Chrono Boost)  
  31  2:55  Probe (Chrono Boost)  
  31  2:57  Probe (Chrono Boost)  
  33  3:05  Probe (Chrono Boost)  
  34  3:07  Adept  
  34  3:08  Probe (Chrono Boost)  
  37  3:14  Dark Shrine  
  37  3:16  Probe (Chrono Boost)  
  37  3:18  Probe (Chrono Boost)  
  39  3:25  Warp Prism (Chrono Boost), Probe (Chrono Boost)  
  42  3:29  Probe  
  42  3:31  Gateway  
  43  3:35  Probe  
  43  3:39  Pylon  
  44  3:43  Probe  
  44  3:45  Probe  
  44  3:46  Assimilator  
  46  3:50  Assimilator  
  46  3:57  Probe  
  46  3:58  Observer (Chrono Boost)  
  46  3:59  Probe  
  46  4:02  Pylon  
  49  4:09  Probe  
  50  4:11  Nexus  
  50  4:13  Probe  
  51  4:21  Probe  
  52  4:24  Probe  
  52  4:26  Dark Templar  
  52  4:27  Dark Templar  
  52  4:31  Observer (Chrono Boost)  
  58  4:36  Pylon, Mothership Core, Probe  
  61  4:47  Probe  
  62  4:57  Probe x2  
  62  4:58  Blink  
  60  5:01  Immortal (Chrono Boost)  
  60  5:06  Forge  
  64  5:08  Forge, Probe  
  64  5:09  Probe  
  64  5:12  Dark Templar  
  68  5:19  Probe  
  69  5:21  Probe  
  69  5:22  Dark Templar, Probe  
  73  5:30  Gateway, Probe  
  73  5:31  Gateway  
  73  5:33  Probe x2  
  76  5:39  Immortal (Chrono Boost)  
  76  5:41  Probe  
  81  5:44  Probe  
  81  5:45  Protoss Ground Weapons Level 1 (Chrono Boost)  
  81  5:47  Protoss Ground Armor Level 1 (Chrono Boost)  
  83  5:50  Probe  
  83  5:53  Pylon  
  83  5:54  Probe  
  83  5:56  Pylon, Probe  
  85  6:01  Assimilator  
  85  6:04  Assimilator  
  85  6:10  Probe x2  
  85  6:12  Probe  
  85  6:17  Immortal  
  90  6:22  Probe  
  90  6:23  Gateway x2  
  90  6:25  Sentry, Gateway  
  93  6:28  Stalker  
  93  6:29  Stalker x2  
  99  6:33  Pylon  
  99  6:35  Pylon  
  99  6:54  Dark Templar x3  
  99  6:56  Immortal  
  108  7:31  Stalker x3  
  108  7:32  Stalker  
  108  7:33  Stalker x2  
  108  7:34  Stalker  
  112  7:43  Protoss Ground Weapons Level 2 (Chrono Boost)  
  111  7:47  Protoss Ground Armor Level 2 (Chrono Boost)  
  111  7:56  Probe  
  111  7:57  Pylon  
  111  7:58  Pylon  
  112  7:59  Adept x2, Nexus  
  112  8:00  Resonating Glaives  
  112  8:01  Pylon  
  112  8:03  Pylon  
  116  8:08  Probe  
  116  8:12  Pylon  
  117  8:14  Warp Prism  
  117  8:19  Adept x4  
  127  8:20  Adept x3  
  133  8:31  Templar Archives, Photon Cannon  
  133  8:34  Pylon  
  133  8:39  Probe x2  
  135  8:46  Pylon  
  135  8:47  Probe  
  135  8:48  Assimilator  
  136  8:51  Adept x4  
  136  8:52  Adept  
  136  8:53  Assimilator  
  146  8:57  Psionic Storm  
  146  8:58  Probe  
  147  9:03  Probe  
  148  9:10  High Templar, Stargate  
  148  9:11  High Templar x2  
  148  9:12  High Templar  
  148  9:13  Probe  
  157  9:17  Photon Cannon  
  157  9:21  Photon Cannon  
  157  9:24  High Templar  
  159  9:31  High Templar  
  159  9:34  Adept  
  159  9:37  Pylon  
  163  9:40  Protoss Ground Weapons Level 3  
  163  9:52  Stalker x2  
  161  9:53  Stalker x2  
  161  9:54  Immortal  
  165  10:00  Protoss Ground Armor Level 3  
  161  10:13  Dark Templar x2  
  163  10:15  Adept x2  
  163  10:16  Adept x2  
  120  10:36  Stalker  
  120  10:37  Stalker x4  
  111  10:50  Stalker x2  
  111  11:03  Stalker x2  
  111  11:04  Stalker x3  
  117  11:10  Void Ray (Chrono Boost)  
  125  11:11  Immortal  
  117  11:19  Stalker x2  
  119  11:27  Stalker x3  
  119  11:28  Stalker x2  
  90  11:45  Stalker x2  
  68  11:54  Warp Prism  
  68  11:57  Stalker x2  
  68  11:58  Stalker x3  
  80  12:15  Stalker x2  
  80  12:16  Nexus  
  80  12:21  Stalker  
  80  12:22  Stalker x2  
  90  12:23  Stalker  
  69  12:39  Stalker x2  
  69  12:40  Stalker  
Tags
 
Add a new tag
Caveats
  • Supply blocks, unpowered buildings, or Contaminate may cause inaccurate times.
  • Supply counts are checked every 10 seconds.